 Dungeon Sprint DCSS version 0.16.2-12-gd0ad4c3 (webtiles) character file.

186 Ponchio the Prestidigitator (level 5, -14/28 HPs)
             Began as a Deep Elf Fire Elementalist on Nov 10, 2015.
             Was an Initiate of Vehumet.
             Killed from afar by a deep elf knight (24 damage)
             ... with an orb of energy
             ... in the Dungeon (Sprint V: "Ziggurat Sprint").
             The game lasted 00:02:27 (149 turns).

Ponchio the Prestidigitator (DEFE)                   Turns: 149, Time: 00:02:38

Health: -14/28     AC: 25    Str:  5    XL:     5   Next: 38%
Magic:  28/28      EV: -3    Int: 27    God:    Vehumet [......]
Gold:   0          SH:  0    Dex: 27    Spells: 1 memorised, 18 levels left

rFire  . . .     SeeInvis .     J - +6 Majin-Bo {vamp, Archmagi MP+6 Int+6}
rCold  . . .     Clarity  .     K - +15 Maxwell's patent armour {-Cast -Tele rElec MR+ rCorr} (curse)
rNeg   . . .     SustAb   .     (no shield)
rPois  .         Gourm    .     (no helmet)
rElec  +         Spirit   .     (no cloak)
rCorr  +         Warding  .     (no gloves)
rMut   .         NoTele   +     (no boots)
MR     +....     NoCast   +     (no amulet)
Stlth  ..........               A - +6 ring of dexterity
                                y - +6 ring of dexterity

@: hasted, drained, very quick, somewhat resistant to hostile enchantments,
extremely unstealthy
A: no striking features
a: Renounce Religion


You were in the Dungeon.
You worshipped Vehumet.
Vehumet was noncommittal.
You were not hungry.

You visited 1 branch

Inventory:

Hand weapons
 J - the +6 Majin-Bo (weapon) {vamp, Archmagi MP+6 Int+6}
   (You found it in the Dungeon)

   It inflicts no extra harm, but heals its wielder somewhat when it strikes a
   living foe.
   It affects your intelligence (+6).
   It affects your magic capacity (+6).
Armour
 a - a +0 robe
 K - the cursed +15 Maxwell's patent armour (worn) {-Cast -Tele rElec MR+ rCorr}
   (You found it in the Dungeon)

   It insulates you from electricity.
   It affects your resistance to hostile enchantments.
   It prevents spellcasting.
   It prevents most forms of teleportation.
   It protects you from acid and corrosion.
   It has a curse placed upon it.
Jewellery
 y - a +6 ring of dexterity (left hand)
 A - a +6 ring of dexterity (right hand)
 B - a +6 ring of intelligence
 C - a +6 ring of intelligence
 D - a +6 ring of strength
 E - a +6 ring of strength
Magical devices
 F - a wand of disintegration (7)
 G - a wand of fire (3)
 H - a wand of cold (5)
 I - a wand of draining (5)
Scrolls
 i - 4 scrolls of blinking
 q - 4 scrolls of amnesia
 r - 3 scrolls of recharging
 s - 7 scrolls of fog
 t - a scroll of holy word
 u - 5 scrolls of identify
 v - 5 scrolls of remove curse
 w - 2 scrolls of fear
Potions
 d - 10 potions of curing
 e - 10 potions of heal wounds
 f - 5 potions of haste
 g - 7 potions of magic
 h - 3 potions of berserk rage
 j - 2 potions of brilliance
 k - 2 potions of invisibility
 l - 2 potions of restore abilities
 m - 4 potions of resistance
 o - 5 potions of agility
 p - 5 potions of might
Books
 b - a book of Flames

   Spells                             Type                      Level
   a - Flame Tongue                   Conjuration/Fire             1
   b - Throw Flame                    Conjuration/Fire             2
   c - Conjure Flame                  Conjuration/Fire             3
   d - Inner Flame                    Hexes/Fire                   3
   e - Sticky Flame                   Conjuration/Fire             4
   f - Fireball                       Conjuration/Fire             5
Comestibles
 c - 5 bread rations
 x - 40 fruits
 z - 4 meat rations


   Skills:
 + Level 6.9(6.3) Dodging
 - Level 2.4(1.9) Stealth
 + Level 7.7(7.1) Spellcasting
 + Level 5.9(5.4) Conjurations
 - Level 3.2(2.7) Fire Magic
 - Level 8.8(8.2) Evocations


You had 18 spell levels left.
You knew the following spells:

 Your Spells              Type           Power        Failure   Level  Hunger
a - Flame Tongue          Conj/Fire      #####        100%        1    None


Dungeon Overview and Level Annotations

Branches:
Dungeon (1/1)

Altars:
Ashenzari
Cheibriados
Dithmenos
Elyvilon
Fedhas
Gozag
Kikubaaqudgha
Makhleb
Nemelex Xobeh
Okawaru
Qazlal
Ru
Sif Muna
Trog
Vehumet
Xom
Yredelemnul
Zin
The Shining One
Beogh
Jiyva
Lugonu


Message History

You have reached level 5!
This wand has 3 charges left.
You start resting.
Magic restored.
Things that are here:
a +2 dagger of draining; a shapeshifter corpse Your surroundings seem different!
Welcome to arena 2.
A deep elf knight, a deep elf mage and a deep elf conjurer come into view.
The deep elf mage shouts!
The deep elf conjurer shouts!
The deep elf knight shouts!
Found three items.
Drink which item? (? for menu, Esc to quit)
You feel yourself speed up.
The deep elf conjurer points at you and mumbles some strange words.
The bolt of negative energy hits you!
You feel drained.
Ouch! That really hurt!
The deep elf knight points at you and mumbles some strange words.
The orb of energy hits you!
Ouch! That really hurt!
You die...

▓▓▓▓▓▓▓▓▓▓▓▓▓
▓.8©8.▓.8©8.▓
▓.[)).▓.....▓
▓..ee.▓.).}.▓
▓.e...▓.....▓
▓.....▓.....▓
▓.....▓.....▓
▓..@..▓▓▓▓▓▓▓
▓▓▓▓▓▓▓


You could see a deep elf knight, a deep elf conjurer and a deep elf mage.

Vanquished Creatures
  A naga (shapeshifter) (D)
  A big kobold (shapeshifter) (D)
2 creatures vanquished.

Notes
Turn   | Place    | Note
--------------------------------------------------------------
     0 | D        | Ponchio, the Deep Elf Fire Elementalist, began the quest for the Orb.
     0 | D        | Reached XP level 1. HP: 10/10 MP: 5/5
     0 | D        | Found a viscous altar of Jiyva.
     0 | D        | Found a corrupted altar of Lugonu.
     0 | D        | Found a white marble altar of Elyvilon.
     1 | D        | Found a burning altar of Makhleb.
     1 | D        | Found an iron altar of Okawaru.
     3 | D        | Found a sparkling altar of Nemelex Xobeh.
     3 | D        | Found a basalt altar of Yredelemnul.
     3 | D        | Found a deep blue altar of Sif Muna.
     3 | D        | Found a radiant altar of Vehumet.
     7 | D        | Found a bloodstained altar of Trog.
    24 | D        | Found a shimmering altar of Xom.
    32 | D        | Became a worshipper of Vehumet
    40 | D        | Reached skill level 8 in Evocations
    40 | D        | Reached XP level 2. HP: 15/15 MP: 8/8
    97 | D        | Entered arena 1.
    97 | D        | Noticed a tengu
    97 | D        | Noticed a naga
    97 | D        | Noticed a big kobold
    97 | D        | a tengu changed into a big kobold
    99 | D        | Killed a naga
    99 | D        | Reached skill level 5 in Dodging
    99 | D        | Reached XP level 3. HP: 19/19 MP: 16/16
    99 | D        | Reached XP level 4. HP: 24/24 MP: 18/18
    99 | D        | Killed a big kobold
    99 | D        | Reached skill level 5 in Conjurations
    99 | D        | Reached XP level 5. HP: 28/28 MP: 19/22
   148 | D        | Entered arena 2.
   148 | D        | Noticed a deep elf mage
   148 | D        | Noticed a deep elf conjurer
   148 | D        | Noticed a deep elf knight
   149 | D        | Killed from afar by a deep elf knight

Action                   |  1- 3 |  4- 6 || total
-------------------------+-------+-------++-------
Evoke: Wand              |     1 |     1 ||     2
  Use: Potion            |     1 |     1 ||     2
  Eat: Fruit             |     2 |       ||     2
